 Dungeon Crawl Stone Soup version 0.23.2-1-ga50397a6bc (webtiles) character file.

Game seed: 1135082661880563352

779 Mrkan the Conjurer (level 7, -18/51 HPs)
             Began as a Gnoll Conjurer on May 17, 2019.
             Was an Initiate of Ashenzari.
             Demolished by an ogre
             ... wielding a +0 giant spiked club
              (19 damage)
             ... on level 4 of the Dungeon.
             The game lasted 00:11:34 (3581 turns).

Mrkan the Conjurer (Gnoll Conjurer)                 Turns: 3581, Time: 00:11:35

Health: -18/51     AC:  4    Str: 10    XL:     7   Next: 85%
Magic:  11/15      EV: 13    Int: 20    God:    Ashenzari [......]
Gold:   189        SH:  8    Dex: 15    Spells: 14/17 levels left

rFire    . . .     SeeInvis .     - Unarmed
rCold    . . .     Gourm    .   r - +0 shield
rNeg     . . .     Faith    .   a - +0 robe
rPois    .         Spirit   .   (no helmet)
rElec    .         Reflect  .   (no cloak)
rCorr    .         Harm     .   (no gloves)
MR       .....                  (no boots)
Stlth    +++.......             (no amulet)
HPRegen  0.17/turn              v - +2 ring of protection
MPRegen  0.14/turn              (no ring)

@: no status effects
A: distributed training, fangs 1, strong nose
a: Curse Item, Renounce Religion


You were on level 4 of the Dungeon.
You worshipped Ashenzari.
Ashenzari was noncommittal.
You were hungry.

You visited 2 branches of the dungeon, and saw 6 of its levels.

You collected 189 gold pieces.

Inventory:

Hand Weapons
 q - a +2 falchion of holy wrath
Missiles
 e - 34 poisoned needles
 i - 8 needles of paralysis
 t - 5 tomahawks of returning (quivered)
Armour
 a - a +0 robe (worn)
 r - a +0 shield (worn)
 s - a +2 large shield
Jewellery
 j - a cursed ring of attention
 v - a +2 ring of protection (left hand)
Wands
 p - a wand of random effects (16)
Scrolls
 b - 3 scrolls of magic mapping {unknown}
 d - 4 scrolls of teleportation {unknown}
 f - 5 scrolls of remove curse
 g - 2 scrolls of blinking {unknown}
 m - 3 scrolls of immolation {unknown}
 n - a scroll of enchant armour {unknown}
 u - a scroll of amnesia {unknown}
 x - 2 scrolls of identify {unknown}
Potions
 h - 3 potions of heal wounds {unknown}
 k - 4 potions of curing {unknown}
 l - 2 potions of haste {unknown}
 o - 2 potions of flight {unknown}
Comestibles
 c - 8 rations


   Skills:
 + Level 2.7 Fighting
 + Level 2.7 Short Blades
 + Level 2.7 Long Blades
 + Level 2.7 Axes
 + Level 2.7 Maces & Flails
 + Level 2.7 Polearms
 + Level 2.7 Staves
 + Level 2.7 Slings
 + Level 2.7 Bows
 + Level 2.7 Crossbows
 + Level 2.7 Throwing
 + Level 2.7 Armour
 + Level 5.3 Dodging
 + Level 5.0 Stealth
 + Level 2.7 Shields
 + Level 2.7 Unarmed Combat
 + Level 5.7 Spellcasting
 + Level 7.5 Conjurations
 + Level 2.2 Hexes
 + Level 2.2 Charms
 + Level 2.2 Summonings
 + Level 2.2 Necromancy
 + Level 2.2 Translocations
 + Level 2.2 Transmutations
 + Level 2.2 Fire Magic
 + Level 2.2 Ice Magic
 + Level 2.2 Air Magic
 + Level 2.2 Earth Magic
 + Level 2.2 Poison Magic
 + Level 3.0 Invocations
 + Level 2.7 Evocations


You had 14 spell levels left.
You knew the following spells:

 Your Spells              Type           Power        Failure   Level  Hunger
a - Magic Dart            Conj           ####         2%          1    None
b - Searing Ray           Conj           #####.       3%          2    None

Your spell library contained the following spells:

 Spells                   Type           Power        Failure   Level  Hunger
 Dazzling Spray           Conj/Hex       ####..       22%         3    ##.....
 Iskenderun's Mystic Bla  Conj           #####...     24%         4    ####...
 Force Lance              Conj/Tloc      ####....     56%         4    ####...
 Fulminant Prism          Conj/Hex       ####......   56%         4    ####...


Dungeon Overview and Level Annotations

Branches:
Dungeon (5/15)             Temple (1/1) D:4

Altars:
Ashenzari
Dithmenos
Kikubaaqudgha
Makhleb
Uskayaw
Zin
The Shining One

Shops:
D:4 }


Innate Abilities, Weirdness & Mutations

Your experience applies equally to all skills.
You have very sharp teeth.
Your uncanny sense of smell can sniff out nearby items.


Message History

The ogre is severely wounded.
The jackal bites you.
The ogre hits you with a +0 giant spiked club!!
You block the jackal's attack.
You climb upwards.
There is a stone staircase leading down here.
Casting: Magic Dart (safe; 2% risk of failure)
Confirm with . or Enter, or press ? or * to list all spells.
Aiming: Magic Dart (safe; 2% risk of failure)
Press: ? - help, Shift-Dir - straight line, f - ogre
Aim: an ogre, wielding a +0 giant spiked club (severely wounded)
The magic dart hits the ogre.
The ogre is almost dead.
The jackal bites you but does no damage.
The ogre hits you with a +0 giant spiked club!
* * * LOW HITPOINT WARNING * * *
The jackal barely misses you. You block the jackal's attack.
The ogre hits you with a +0 giant spiked club!!
You die...

#....#..#..........+....#....#
#....#..'..........#....+....#
#....#########..............#####
##.....#######...#.#.#.#.#..##..#
.#.....'..............).........#
.#.....#.........#......)#......#
.#.....#........................#
.#.....#.......O.#...>...#.######
.#.....#######.>@...............#
###....รท.#######h#.......#......#
#....>.#......................#
#......+.......#.#.#.#.#..#'###
#......#.......................
###......######..#...#...........
..............#..##..#...........
..............+...'..#...........
..............#..##'##.........(.


You could see an ogre and a jackal.

Vanquished Creatures
  A phantom (D:4)
  4 ogres
  2 scorpions
  A centaur skeleton (D:4)
  An iguana (D:5)
  A worker ant (D:4)
  7 adders
  4 oozes
  3 worms
  4 dart slugs
  4 leopard geckos
  5 orcs
  A ball python (D:4)
  7 bats
  6 giant cockroaches
  4 hobgoblins
  A jackal (D:4)
  5 kobolds
  3 quokkas
  6 frilled lizards
  8 goblins
  9 rats
87 creatures vanquished.

Notes
Turn   | Place    | Note
-------+----------+-------------------------------------------
     0 | D:1      | Mrkan the Gnoll Conjurer began the quest for the Orb.
     0 | D:1      | Reached XP level 1. HP: 13/13 MP: 6/6
   109 | D:1      | Reached XP level 2. HP: 19/19 MP: 2/7
   597 | D:2      | Reached skill level 5 in Spellcasting
   597 | D:2      | Reached XP level 3. HP: 25/25 MP: 0/9
   621 | D:2      | Reached skill level 1 in Invocations
   951 | D:2      | Reached skill level 1 in Fighting
   951 | D:2      | Reached skill level 1 in Short Blades
   951 | D:2      | Reached skill level 1 in Long Blades
   951 | D:2      | Reached skill level 1 in Axes
   951 | D:2      | Reached skill level 1 in Maces & Flails
   951 | D:2      | Reached skill level 1 in Polearms
   951 | D:2      | Reached skill level 1 in Staves
   951 | D:2      | Reached skill level 1 in Slings
   951 | D:2      | Reached skill level 1 in Bows
   951 | D:2      | Reached skill level 1 in Crossbows
   951 | D:2      | Reached skill level 1 in Throwing
   951 | D:2      | Reached skill level 1 in Armour
   951 | D:2      | Reached skill level 1 in Shields
   951 | D:2      | Reached skill level 1 in Unarmed Combat
   951 | D:2      | Reached skill level 1 in Evocations
  1056 | D:2      | Reached XP level 4. HP: 32/32 MP: 9/11
  1195 | D:2      | Reached skill level 1 in Hexes
  1195 | D:2      | Reached skill level 1 in Charms
  1195 | D:2      | Reached skill level 1 in Summonings
  1195 | D:2      | Reached skill level 1 in Necromancy
  1195 | D:2      | Reached skill level 1 in Translocations
  1195 | D:2      | Reached skill level 1 in Transmutations
  1195 | D:2      | Reached skill level 1 in Fire Magic
  1195 | D:2      | Reached skill level 1 in Ice Magic
  1195 | D:2      | Reached skill level 1 in Air Magic
  1195 | D:2      | Reached skill level 1 in Earth Magic
  1195 | D:2      | Reached skill level 1 in Poison Magic
  1195 | D:2      | Reached XP level 5. HP: 26/37 MP: 1/12
  1199 | D:2      | Learned a level 2 spell: Searing Ray
  2067 | D:4      | Noticed an ogre
  2103 | D:3      | Killed an ogre
  2103 | D:3      | Reached XP level 6. HP: 13/44 MP: 5/13
  2387 | D:4      | Reached skill level 5 in Dodging
  2485 | D:4      | Noticed a phantom
  2490 | D:4      | Reached XP level 7. HP: 44/50 MP: 0/15
  2632 | D:4      | Found a staircase to the Ecumenical Temple.
  2647 | Temple   | Entered the Ecumenical Temple
  2663 | Temple   | Became a worshipper of Ashenzari the Shackled
  2917 | D:4      | Found Setim's Gadget Boutique.
  3141 | D:5      | Entered Level 5 of the Dungeon
  3235 | D:5      | Reached skill level 5 in Stealth
  3580 | D:4      | HP: 1/51 [ogre/+0 giant spiked club (17)]
  3581 | D:4      | Demolished by an ogre

Skill      XL: |  1  2  3  4  5  6  7 |
---------------+----------------------+-----
Spellcasting   | 5 |  5.7
Invocations    | 1 2 3 |  3.0
Fighting       | 1 2 |  2.7
Short Blades   | 1 2 |  2.7
Long Blades    | 1 2 |  2.7
Axes           | 1 2 |  2.7
Maces & Flails | 1 2 |  2.7
Polearms       | 1 2 |  2.7
Staves         | 1 2 |  2.7
Slings         | 1 2 |  2.7
Bows           | 1 2 |  2.7
Crossbows      | 1 2 |  2.7
Throwing       | 1 2 |  2.7
Armour         | 1 2 |  2.7
Shields        | 1 2 |  2.7
Unarmed Combat | 1 2 |  2.7
Evocations     | 1 2 |  2.7
Hexes          | 1 2 |  2.2
Charms         | 1 2 |  2.2
Summonings     | 1 2 |  2.2
Necromancy     | 1 2 |  2.2
Translocations | 1 2 |  2.2
Transmutations | 1 2 |  2.2
Fire Magic     | 1 2 |  2.2
Ice Magic      | 1 2 |  2.2
Air Magic      | 1 2 |  2.2
Earth Magic    | 1 2 |  2.2
Poison Magic   | 1 2 |  2.2
Dodging        | 5 |  5.3
Stealth        | 5 |  5.0
Conjurations   | |  7.5

Action                   |  1- 3 |  4- 6 |  7- 9 || total
-------------------------+-------+-------+-------++-------
Melee: Unarmed           |     6 |       |     5 ||    11
 Cast: Magic Dart        |    53 |   113 |    78 ||   244
       Searing Ray       |       |     3 |     1 ||     4
  Eat: Chunk             |       |     5 |     2 ||     7
Armor: Robe              |       |       |     2 ||     2
Dodge: Dodged            |     7 |    13 |    26 ||    46
Block: Shield            |       |    11 |    13 ||    24
